Map: Tritão LE

Players

LowLinK

  • Race: Protoss Protoss
  • League: Diamond
  • Spawn Location: 5:00

Harry - Winner!

  • Race: Protoss Protoss
  • League: Diamond
  • Spawn Location: 11:00

VOD

Have the link to the VOD?

Description

Time

  • Played on: Feb. 19, 2020, 11:51 a.m.
  • Length: 10:54
Show
View Real Time Build Order
Export as new Build Order

LowLinK Protoss 

Build Orders:  

Get SALT Encoding   

  12  0:01  Probe  
  13  0:13  Probe  
  14  0:18  Pylon  
  14  0:25  Probe  
  15  0:36  Gateway  
  15  0:38  Probe (Chrono Boost)  
  16  0:47  Probe (Chrono Boost)  
  16  0:48  Assimilator  
  17  0:52  Probe (Chrono Boost)  
  18  0:57  Assimilator  
  18  1:04  Probe  
  19  1:16  Probe, Pylon  
  20  1:23  Cybernetics Core  
  20  1:28  Probe  
  21  1:40  Probe  
  22  1:52  Probe  
  23  1:56  Warp Gate (Chrono Boost)  
  23  2:02  Stalker (Chrono Boost)  
  23  2:08  Pylon  
  25  2:21  Probe  
  25  2:29  Zealot (Chrono Boost)  
  27  2:49  Stalker  
  20  3:01  Probe  
  20  3:17  Nexus  
  20  3:19  Gateway  
  15  3:21  Gateway  
  15  3:22  Gateway  
  13  3:27  Pylon  
  12  4:24  Cybernetics Core  
  13  4:38  Probe (Chrono Boost)  
  13  4:44  Probe (Chrono Boost)  
  11  5:06  Probe  
  12  5:09  Stalker  
  12  5:12  Sentry  
  16  5:18  Probe  
  16  5:40  Assimilator  
  16  5:57  Pylon  
  16  6:05  Probe (Chrono Boost)  
  16  6:08  Stalker  
  19  6:15  Probe (Chrono Boost)  
  20  6:19  Probe (Chrono Boost)  
  21  6:25  Robotics Facility  
  21  6:31  Probe  
  22  6:43  Probe  
  23  7:05  Pylon  
  22  7:15  Stalker  
  21  7:28  Probe  
  21  7:29  Immortal (Chrono Boost)  
  24  7:45  Probe  
  24  7:58  Probe (Chrono Boost)  
  24  8:01  Sentry  
  26  8:08  Probe (Chrono Boost)  
  27  8:12  Probe (Chrono Boost)  
  28  8:24  Probe  
  29  8:27  Stalker  
  12  9:09  Assimilator  
  12  9:23  Assimilator  
  11  9:51  Assimilator  
Show
View Real Time Build Order
Export as new Build Order

Harry Protoss - Winner!

Build Orders:  

Get SALT Encoding   

  12  0:01  Probe  
  13  0:18  Probe  
  13  0:19  Pylon  
  14  0:30  Probe  
  15  0:38  Forge  
  15  0:42  Probe (Chrono Boost)  
  16  0:52  Probe (Chrono Boost)  
  17  0:57  Probe (Chrono Boost)  
  17  1:02  Pylon  
  18  1:24  Photon Cannon  
  18  1:43  Pylon  
  18  1:52  Pylon  
  18  2:02  Photon Cannon  
  18  2:05  Photon Cannon  
  18  2:12  Photon Cannon  
  18  2:14  Photon Cannon  
  18  2:27  Pylon  
  18  2:55  Photon Cannon  
  18  2:57  Photon Cannon  
  18  3:04  Pylon  
  18  3:25  Assimilator  
  18  3:29  Assimilator  
  18  3:36  Probe (Chrono Boost)  
  19  3:41  Gateway  
  19  3:43  Pylon  
  19  3:44  Nexus  
  19  3:46  Probe (Chrono Boost)  
  19  3:58  Probe  
  20  4:04  Photon Cannon  
  20  4:15  Photon Cannon  
  20  4:18  Pylon  
  20  4:30  Cybernetics Core  
  20  4:50  Photon Cannon x2  
  22  4:52  Zealot (Chrono Boost)  
  22  5:02  Probe  
  23  5:15  Stargate  
  23  5:21  Gateway  
  23  5:25  Sentry  
  25  5:29  Probe  
  26  5:44  Probe x2  
  28  5:56  Probe x2  
  30  6:05  Stalker  
  30  6:08  Probe x2  
  34  6:16  Void Ray (Chrono Boost)  
  34  6:20  Probe  
  39  6:26  Stalker  
  41  6:35  Stalker  
  43  6:49  Void Ray (Chrono Boost)  
  47  7:28  Void Ray  
  51  7:31  Stalker x2  
  55  8:00  Stalker  
  55  8:01  Stalker  
  55  8:05  Shield Battery  
  59  8:12  Probe x2  
  61  8:13  Gateway  
  61  8:15  Warp Gate, Gateway  
  61  8:17  Void Ray  
  65  8:24  Probe  
  65  8:25  Probe  
  67  8:30  Stalker  
  69  8:37  Probe x2  
  69  8:49  Probe  
  70  9:08  Void Ray  
  74  9:17  Probe x2  
  76  9:29  Probe, Stalker x2  
  76  9:30  Probe, Stalker x2  
  86  9:35  Assimilator  
  86  9:37  Assimilator  
  86  9:41  Probe  
  86  9:42  Probe  
  88  9:50  Nexus  
  88  9:52  Pylon  
  88  9:55  Pylon  
  88  10:11  Stalker x4  
  96  10:14  Probe  
  96  10:15  Probe  
  98  10:27  Probe x2  
Tags
 
Add a new tag
Caveats
  • Supply blocks, unpowered buildings, or Contaminate may cause inaccurate times.
  • Supply counts are checked every 10 seconds.